 Dungeon Crawl Stone Soup version 0.24.0-13-gcf9b3192b9 (console) character file.

Game seed: 9177196172840400332, levelgen mode: deterministic

186 AlterAsc the Cutter (level 5, -6/39 HPs)
             Began as a Vampire Skald on Nov 10, 2019.
             Killed by divine providence
             ... invoked by an orc priest
              (13 damage)
             ... on level 4 of the Dungeon.
             The game lasted 00:09:05 (2601 turns).

AlterAsc the Cutter (Vampire Skald)                 Turns: 2601, Time: 00:09:06

Health: -6/39      AC:  5    Str: 11    XL:     5   Next: 38%
Magic:  7/9        EV: 12    Int: 21    God:
Gold:   217        SH:  0    Dex: 13    Spells: 0/9 levels left

rFire    + . .     SeeInvis +   h - +1 dagger (speed)
rCold    . . .     Gourm    .   (no shield)
rNeg     . . .     Faith    .   b - +0 leather armour
rPois    .         Spirit   .   (no helmet)
rElec    .         Reflect  .   q - +0 cloak
rCorr    .         Harm     .   f - +0 pair of gloves (curse)
MR       .....                  (no boots)
Stlth    +.........             (no amulet)
HPRegen  0.33/turn              k - +5 ring of intelligence
MPRegen  0.11/turn              l - ring of protection from fire

@: regenerating quickly, lightly drained
A: no food, fangs 3, see invisible, unbreathing
a: Exsanguinate


You were on level 4 of the Dungeon.
You were alive.

You visited 1 branch of the dungeon, and saw 4 of its levels.

You collected 217 gold pieces.

Inventory:

Hand Weapons
 a - a +0 short sword
 h - a +1 dagger of speed (weapon)
 u - a +2 hand axe of flaming
Missiles
 c - 6 datura-tipped darts (quivered)
Armour
 b - a +0 leather armour (worn)
 f - a cursed +0 pair of gloves (worn)
 q - a +0 cloak (worn)
 y - a +0 ring mail
Jewellery
 k - a +5 ring of intelligence (left hand)
 l - a ring of protection from fire (right hand)
 p - an uncursed amulet of harm
 v - an uncursed ring of positive energy {unknown}
Scrolls
 d - 2 scrolls of teleportation
 e - a scroll of amnesia
 g - a scroll of random uselessness
 j - a scroll of immolation {unknown}
 n - 2 scrolls of enchant weapon
 r - a scroll of noise {unknown}
 s - 2 scrolls of enchant armour {unknown}
Potions
 i - a potion of agility {unknown}
 m - a potion of haste {unknown}
 o - a potion of cancellation {unknown}
 t - a potion of berserk rage {unknown}
 w - a potion of lignification {unknown}
 x - a potion of curing {unknown}


   Skills:
 + Level 2.7(2.3) Fighting
 * Level 4.1(3.7) Short Blades
 - Level 0.9(0.5) Armour
 - Level 2.3(1.9) Dodging
 + Level 2.8(2.4) Spellcasting
 + Level 4.1(3.7) Charms


You couldn't memorise any spells.
You knew the following spells:

 Your Spells              Type           Power        Failure   Level  Hunger
a - Infusion              Chrm           ###.         4%          1    N/A
b - Song of Slaying       Chrm           ###.....     6%          2    N/A
c - Regeneration          Chrm/Necr      ##........   26%         3    N/A
d - Spectral Weapon       Hex/Chrm       ##......     26%         3    N/A

Your spell library contained the following spells:

 Spells                   Type           Power        Failure   Level  Hunger
 Shroud of Golubria       Chrm/Tloc      ##....       13%         2    N/A

Dungeon Overview and Level Annotations

Branches:
Dungeon (4/15)
 Temple: D:4-7

Altars:
Okawaru
Ru

Annotations:
D:4 Dowan, Duvessa


Innate Abilities, Weirdness & Mutations

You do not eat.
Your natural rate of healing is unusually fast.
You have razor-sharp teeth.
You have supernaturally acute eyesight. (SInv)
You can survive without breathing.


Message History

The orc wizard hits you but does no damage.
You hit the orc wizard.
The orc wizard is heavily wounded.
The orc priest hits you from afar with a +0 trident.
The orc wizard points at you and mumbles some strange words.
The magic dart hits you.
* * * LOW HITPOINT WARNING * * *
You barely miss the orc wizard. You bite the orc wizard.
The orc wizard is severely wounded.
The orc priest hits you from afar with a +0 trident.
* * * LOW HITPOINT WARNING * * *
You hit the orc wizard but do no damage.
The orc wizard is severely wounded.
The orc wizard hits you with a +0 dagger.
* * * LOW HITPOINT WARNING * * *
You hit the orc wizard but do no damage.
The orc wizard is severely wounded.
The orc priest invokes the aid of Beogh against you.
Beogh smites you!
You die...

.... ....# .# ?.e## #...#
.# # #e..##. ###...##.#.#
....+... #..........#
../.# #.. ##.##.....#####
....###..o #.............#
....##.....#..###.#.######
.....+.....[..oo(.#.#
.#..##.....#.###@##.# .#
##.....#.# #.# .#
+#######.. ..# #.. .#
..... ..###### ###### ....
... .... .. ##########
#......# #......#


You could see an orc priest, an orc wizard (invisible) and a friendly spectral
+1 dagger of speed.

Vanquished Creatures
  2 orc wizards (D:3)
  An orc priest (D:4)
  4 adders
  An ooze (D:3)
  2 worms (D:3)
  2 dart slugs (D:1)
  2 leopard geckos (D:1)
  6 orcs
  5 bats
  A giant cockroach (D:1)
  4 goblins
  7 hobgoblins
  A frilled lizard (D:1)
  A jackal skeleton (D:4)
  2 kobolds
  5 rats
46 creatures vanquished.

Notes
Turn   | Place    | Note
-------+----------+-------------------------------------------
     0 | D:1      | AlterAsc the Vampire Skald began the quest for the Orb.
     0 | D:1      | Reached XP level 1. HP: 16/16 MP: 3/3
    80 | D:1      | Reached XP level 2. HP: 12/22 MP: 0/5
   681 | D:2      | Reached XP level 3. HP: 27/27 MP: 0/6
   719 | D:2      | Found a sacrificial altar of Ru.
   719 | D:2      | Found an iron altar of Okawaru.
  1433 | D:3      | Reached XP level 4. HP: 23/34 MP: 0/7
  1619 | D:3      | Learned a level 2 spell: Song of Slaying
  1623 | D:3      | Learned a level 3 spell: Regeneration
  2078 | D:4      | Noticed Duvessa
  2078 | D:4      | Noticed Dowan
  2233 | D:4      | Reached XP level 5. HP: 18/39 MP: 1/9
  2297 | D:4      | Noticed an ogre
  2373 | D:3      | Learned a level 3 spell: Spectral Weapon
  2601 | D:4      | Killed from afar by an orc priest

Levels and vault maps discovered:
D:1:      mrwooster_arrival_statue, layout_loops_cross
D:2:      layout_loops_ring, gammafunk_temple_overflow_wave, serial_bayou,
          serial_bayou_pond_a, serial_bayou_crossing, serial_bayou_pond_a,
          serial_bayou_lagoon_a
D:3:      layout_basic, first_ration
D:4:      layout_basic, lemuel_zombie_altar_yredelemnul, serial_shops, shop,
          uniq_ijyb, uniq_duvessa

Skill      XL: |  1  2  3  4  5 |
---------------+----------------+-----
Fighting       | 2 |  2.7
Short Blades   | 3 4 |  4.1
Charms         | 4 |  4.1
Armour         | |  0.9
Dodging        | |  2.3
Spellcasting   | |  2.8

Action                   |  1- 3 |  4- 6 || total
-------------------------+-------+-------++-------
Melee: Short sword       |    15 |       ||    15
       Bite              |     5 |    10 ||    15
       Dagger            |    69 |   107 ||   176
 Cast: Infusion          |    16 |    10 ||    26
       Spectral Weapon   |       |     3 ||     3
  Use: Scroll            |       |     4 ||     4
 Stab: Distracted        |       |     1 ||     1
Armor: Leather armour    |    20 |     9 ||    29
Dodge: Dodged            |    46 |    32 ||    78
